 Dungeon Crawl Stone Soup version 0.18-a0-1683-gf9322e6 (webtiles) character file.

1165 inmateoo the Ruffian (level 8, -6/66 HPs)
             Began as a Yellow Draconian Arcane Marksman on Apr 3, 2016.
             Was a Follower of Cheibriados.
             Mangled by a giant frog (7 damage)
             ... on level 7 of the Dungeon.
             The game lasted 00:08:24 (5907 turns).

inmateoo the Ruffian (DrAM)                         Turns: 5907, Time: 00:08:25

Health: -6/66      AC:  6    Str: 17    XL:     8   Next: 17%
Magic:  9/9        EV: 13    Int: 16    God:    Cheibriados [*.....]
Gold:   317        SH:  0    Dex: 13    Spells: 1 memorised, 8 levels left

rFire  . . .     SeeInvis .       - Unarmed
rCold  . . .     Gourm    +     (armour unavailable)
rNeg   . . .     Faith    .     (no shield)
rPois  .         Spirit   .     (helmet restricted)
rElec  .         Dismiss  .     (no cloak)
rCorr  +         Reflect  .     (no gloves)
SustAt .         Harm     .     (no boots)
MR     .....                    y - amulet of the gourmand
Stlth  ++........               (no ring)
                                f - +2 ring of dexterity

@: short of breath, very slow, not resistant to hostile enchantments, unstealthy
A: spit acid, acid resistance, unfitting armour, clumsy 1, screaming 1, no
device heal 1, cold-blooded, AC +6
a: Spit Acid, Bend Time, Renounce Religion


You were on level 7 of the Dungeon.
You worshipped Cheibriados.
Cheibriados was aware of your devotion.
You were near starving.

You visited 2 branches of the dungeon, and saw 8 of its levels.

You collected 317 gold pieces.

Inventory:

Hand Weapons
 a - a +0 hunting sling
 s - a +2 dagger of venom
Missiles
 c - 36 sling bullets
 k - 104 stones (quivered)
 A - 13 exploding sling bullets
Armour
 z - a +1 shield
Jewellery
 f - a +2 ring of dexterity (left hand)
 y - an amulet of the gourmand (around neck)
Wands
 g - a wand of digging (15/24)
 j - a wand of lightning (1/15)
 r - a wand of lightning (2/15)
 t - a wand of iceblast (7/15)
 v - a wand of acid (0/15)
 x - a wand of iceblast (7/15)
Scrolls
 e - 2 scrolls of fear
 l - 5 scrolls of remove curse
 n - a scroll of recharging
 u - a scroll of identify
Potions
 m - a potion of resistance
 p - 2 potions of brilliance
 w - a potion of curing
Books
 b - a book of Debilitation

   Spells                             Type                      Level
   a - Corona                         Hexes                        1
   b - Slow                           Hexes                        2
   c - Gell's Gravitas                Hexes/Translocation          3
   d - Inner Flame                    Hexes/Fire                   3
   e - Cause Fear                     Hexes                        4
   f - Leda's Liquefaction            Hexes/Earth                  4
 h - an Akashic Record

   Spells                             Type                      Level
   a - Dispersal                      Translocation                6
   b - Malign Gateway                 Summoning/Translocation      7
   c - Disjunction                    Translocation                8
   d - Controlled Blink               Translocation                8
Comestibles
 d - 3 bread rations
 i - a slice of pizza
 o - a beef jerky
 q - a royal jelly


   Skills:
 + Level 3.9 Fighting
 - Level 1.0 Short Blades
 - Level 1.7 Slings
 + Level 3.4 Dodging
 - Level 2.2 Stealth
 * Level 7.7 Unarmed Combat
 + Level 1.0 Spellcasting
 - Level 2.6 Hexes


You had 8 spell levels left.
You knew the following spells:

 Your Spells              Type           Power        Failure   Level  Hunger
a - Corona                Hex            #......      10%         1    ##.....


Dungeon Overview and Level Annotations

Branches:
Dungeon (7/15)             Temple (1/1) D:5

Altars:
Ashenzari
Cheibriados
Fedhas
Gozag
Kikubaaqudgha
Nemelex Xobeh
Qazlal
Xom
Yredelemnul
Zin

Annotations:
D:3 Uberwunderbarhen's ghost, amateur OpTm
D:4 Menkaure


Innate Abilities, Weirdness & Mutations

You can spit globs of acid.
You are resistant to acid.
Your golden yellow scales are hard (AC +6).
Your body does not fit into most forms of armour.
You are cold-blooded and may be slowed by cold attacks.
You are clumsy. (Dex -2)
You occasionally shout uncontrollably at your foes.
Potions and wands are less effective at restoring your health.


Message History

This wand has no charges.
Unknown command.
Evoke which item? (* to show all) (? for menu, Esc to quit)
Zapping:
g - a wand of digging (will waste charges)
Press: ? - help, Shift-Dir - straight line, p - sky beast The rock shatters into small pieces.
Evoking this partially-identified wand wasted a few charges.
The giant frog skeleton hits you but does no damage.
The sky beast hits you.
* * * LOW HITPOINT WARNING * * *
The sky beast shocks you.
* * * LOW HITPOINT WARNING * * *
The giant frog closely misses you. The giant frog skeleton misses you.
Unknown command.
The sky beast hits you.
* * * LOW HITPOINT WARNING * * *
The sky beast shocks you.
* * * LOW HITPOINT WARNING * * *
The giant frog skeleton misses you. The giant frog hits you!
You die...

#.##.....### #
#####.# # ###. #.# .
....######.# ###
#.........# # ..#
#...####..####.# #.#
#....###....<..###
#.#
##.....#..ZFY≈......
#.#
#........##@###.#.##
#.# ##........#.# #
#.# ##.....#.....
#.#######....#...##
#........÷.#####.#
##########...# ..#
###.# #.# ...### ###


You could see a sky beast, a giant frog and a giant frog skeleton.

Vanquished Creatures
  Sigmund (D:4)
  An ice beast (D:5)
  2 ogres (D:5)
  A centaur (D:5)
  A giant frog (D:5)
  A howler monkey (D:5)
  A crimson imp (D:5)
  A jelly (D:5)
  A centaur skeleton (D:6)
  A hound (D:7)
  A giant frog skeleton (D:5)
  Ijyb (D:4)
  Natasha (D:3)
  9 worker ants
  A worker ant zombie (D:5)
  4 adders
  An adder zombie (D:5)
  An adder skeleton (D:4)
  2 worms
  3 dart slugs
  3 giant geckos
  10 orcs
  3 giant cockroaches
  14 goblins
  10 hobgoblins
  5 jackals (D:4)
  6 kobolds
  5 quokkas
  A ball python (D:2)
  8 bats
  A giant gecko skeleton (D:5)
  3 giant newts
  A jackal skeleton (D:4)
  A quokka skeleton (D:5)
  5 rats
111 creatures vanquished.

Vanquished Creatures (others)
  5 toadstools (D:1)
5 creatures vanquished.

Grand Total: 116 creatures vanquished

Notes
Turn   | Place    | Note
--------------------------------------------------------------
     0 | D:1      | inmateoo the Draconian Arcane Marksman began the quest for the Orb.
     0 | D:1      | Reached XP level 1. HP: 16/16 MP: 2/2
    52 | D:1      | Reached skill level 1 in Unarmed Combat
   409 | D:1      | Reached XP level 2. HP: 17/23 MP: 3/3
   516 | D:1      | Reached skill level 2 in Unarmed Combat
   560 | D:2      | Found a basalt altar of Yredelemnul.
   854 | D:2      | Reached XP level 3. HP: 20/28 MP: 4/4
  1261 | D:2      | Reached skill level 3 in Unarmed Combat
  2044 | D:3      | Noticed Natasha
  2056 | D:3      | Noticed Uberwunderbarhen's ghost (amateur OpTm)
  2058 | D:3      | Killed Natasha
  2058 | D:3      | Reached XP level 4. HP: 29/35 MP: 5/5
  2356 | D:4      | Noticed Sigmund
  2357 | D:4      | Reached skill level 1 in Stealth
  2383 | D:4      | Killed Sigmund
  2383 | D:4      | Reached skill level 5 in Unarmed Combat
  2383 | D:4      | Reached XP level 5. HP: 19/40 MP: 6/6
  2569 | D:4      | Noticed Ijyb
  2589 | D:4      | Killed Ijyb
  2589 | D:4      | Reached XP level 6. HP: 44/47 MP: 7/7
  2810 | D:4      | Found an opulent altar of Gozag.
  2927 | D:4      | Noticed Menkaure
  2936 | D:5      | Entered Level 5 of the Dungeon
  2956 | D:5      | Noticed an ice beast
  2970 | D:5      | Killed an ice beast
  2970 | D:5      | Reached skill level 1 in Short Blades
  2970 | D:5      | Reached skill level 6 in Unarmed Combat
  3479 | D:5      | Found a blossoming altar of Fedhas.
  3800 | D:5      | Your scales start taking on a golden yellow colour.
  3800 | D:5      | Reached XP level 7. HP: 36/55 MP: 8/8
  4411 | D:5      | Reached skill level 7 in Unarmed Combat
  4571 | D:5      | Found a staircase to the Ecumenical Temple.
  4847 | Temple   | Entered the Ecumenical Temple
  4861 | Temple   | Became a worshipper of Cheibriados the Contemplative
  5068 | D:6      | Reached XP level 8. HP: 63/63 MP: 9/9
  5515 | D:6      | Gained mutation: Potions and wands are less effective at restoring your health. [potion of mutation]
  5515 | D:6      | Gained mutation: You are clumsy. (Dex -2) [potion of mutation]
  5515 | D:6      | Gained mutation: You occasionally shout uncontrollably at your foes. [potion of mutation]
  5685 | D:7      | Reached * piety under Cheibriados
  5730 | D:7      | Found a shattered altar of Ashenzari.
  5907 | D:7      | HP: 1/66 [sky beast (6)]
  5907 | D:7      | Mangled by a giant frog

Vault maps used:
D:1:      ldierk_walled_garden, kennysheep_minor_cross
D:2:      overflow_temple_1_default, due_unseen_surprise
D:3:      uniq_natasha
D:4:      kennysheep_the_goblin_king, overflow_temple_1_default,
          nicolae_overflow_crystal_walls, elyvilon_altar_3, uniq_menkaure,
          uniq_sigmund
D:5:      minmay_opposing_rooms, minmay_temple_entry_statues_fountains,
          first_bread, fedhas_altar_3
D:6:      corexii_shack, zaba_anthole
D:7:      old_standard_altar, led_sif_book, minmay_joined_circles
Temple:   eino_temple_water_12

Skill      XL: |  1  2  3  4  5  6  7 |
---------------+----------------------+-----
Unarmed Combat | 1 2 3 5 6 7 |  7.7
Stealth        | 1 2 |  2.2
Short Blades   | 1 |  1.0
Dodging        | 2 3 |  3.4
Fighting       | 2 3 |  3.9
Slings         | |  1.7
Spellcasting   | |  1.0
Hexes          | |  2.6

Action                   |  1- 3 |  4- 6 |  7- 9 || total
-------------------------+-------+-------+-------++-------
Melee: Unarmed           |   124 |    40 |    81 ||   245
       Dagger            |    41 |   117 |    59 ||   217
 Fire: Hunting sling     |     5 |     4 |       ||     9
 Abil: Spit Acid         |       |       |     3 ||     3
Evoke: Wand              |       |       |    10 ||    10
  Use: Potion            |       |     4 |     3 ||     7
       Scroll            |       |     1 |    10 ||    11
 Stab: Sleeping          |     2 |     1 |       ||     3
  Eat: Chunk             |     4 |     5 |     6 ||    15
